AoeStats
← CapitanCaster

Arabia

503973022Analyzed
1v1 RM · 1mo ago on Sep 3, 2026· 32m 21s· 2 players
Game mode
Random Map
Map size
Tiny (2 player)
Population
200
Speed
Normal
Resources
Standard
Victory
Conquest
Starting age
Dark Age
Ending age
Imperial Age
RankedLock teamsTeams togetherTeam positionsShared explorationLock speedFull tech treeHidden civsTurbo modeCheats
Victory
Defeat
🇮🇹 Teutons · Italy
1100
+15
🇪🇸 Maya · Spain
1083
-15
CapitanCaster
0:26 Loom
8:57 Feudal Age
11:32 Horse Collar
11:43 Double-Bit Axe
19:21 Fletching
19:32 Padded Archer Armor
21:44 Wheelbarrow
25:09 Castle Age
24:45 Gold Mining
25:11 Crossbowman
26:56 Bow Saw
28:34 Bodkin Arrow
31:05 Ballistics
spadaccinho91
10:20 Feudal Age
8:37 Loom
14:10 Fletching
16:36 Town Watch
25:08 Castle Age
Connection lost

Rejoining the realm…

Still unreachable

The connection could not be restored.

Session expired

The server has moved on; the page needs a fresh start.